 Dungeon Crawl Stone Soup version 0.31-a0-889-g1a8549509d (webtiles) character file.

Game seed: 4662126413632825872

262 GloriousHammer the Shield-Bearer (level 6, -1/53 HPs)
             Began as a Gnoll Wanderer on Oct 17, 2023.
             Slain by Menkaure (15 damage)
             ... on level 4 of the Dungeon.
             The game lasted 00:07:24 (3483 turns).

GloriousHammer the Shield-Bearer (Gnoll Wanderer)   Turns: 3483, Time: 00:07:25

Health: -1/53      AC: 11    Str: 13    XL:     6   Next: 18%
Magic:  11/11      EV:  7    Int: 14    God:
Gold:   193        SH:  9    Dex:  9    Spells: 10/11 levels left

rFire   . . .        u - +0 war axe
rCold   . . .        w - +0 kite shield
rNeg    . . .        j - +0 scale mail
rPois   .            l - +0 helmet
rElec   .            (no cloak)
rCorr   .            (no gloves)
SInv    .            (no boots)
Will    +....        (no amulet) Stlth
                     T - +4 ring of protection
HPRegen 0.28/turn    W - ring of willpower
MPRegen 0.12/turn

%: no passive effects
@: no status effects
A: fangs 1, strong nose, distributed training
a: no special abilities


You were on level 4 of the Dungeon.
You visited 1 branch of the dungeon, and saw 4 of its levels.

You collected 193 gold pieces.

Inventory:

Hand Weapons
 a - a +1 vampiric short sword
 b - a +0 sling
 f - a +0 spear
 u - a +0 war axe (weapon)
Missiles
 m - 14 poisoned darts
 o - 3 boomerangs
Armour
 d - a +0 robe
 j - a +0 scale mail (worn)
 l - a +0 helmet (worn)
 t - a +0 chain mail
 w - a +0 kite shield (worn)
Jewellery
 C - a ring of protection from cold
 T - a +4 ring of protection (left hand)
 W - a ring of willpower (right hand)
Scrolls
 c - 2 scrolls of immolation {unknown}
 g - 2 scrolls of blinking {unknown}
 h - 2 scrolls of revelation {unknown}
 i - a scroll of enchant weapon {unknown}
 k - a scroll of acquirement {unknown}
 n - 2 scrolls of identify {unknown}
 r - a scroll of teleportation {unknown}
 s - a scroll of fear {unknown}
Potions
 e - a potion of attraction
 p - a potion of brilliance {unknown}
 v - 2 potions of cancellation {unknown}


   Skills:
 + Level 6.8 Fighting
 + Level 1.9 Short Blades
 + Level 1.9 Long Blades
 + Level 1.9 Axes
 + Level 1.9 Maces & Flails
 + Level 1.9 Polearms
 + Level 1.9 Staves
 + Level 1.9 Ranged Weapons
 + Level 1.9 Throwing
 + Level 1.9 Armour
 + Level 1.9 Dodging
 + Level 1.9 Stealth
 + Level 6.8 Shields
 + Level 1.9 Unarmed Combat
 + Level 3.4 Spellcasting
 + Level 1.5 Conjurations
 + Level 1.5 Hexes
 + Level 1.5 Summonings
 + Level 5.6 Necromancy
 + Level 1.5 Translocations
 + Level 1.5 Transmutations
 + Level 1.5 Fire Magic
 + Level 1.5 Ice Magic
 + Level 1.5 Air Magic
 + Level 1.5 Earth Magic
 + Level 1.5 Poison Magic
 + Level 2.1 Invocations
 + Level 1.9 Evocations
 + Level 1.7 Shapeshifting


You had 10 spell levels left.
You knew the following spells:

 Your Spells              Type           Power      Damage    Failure   Level
a - Kiss of Death         Conj/Necr      48%        2d9       54%         1

Your spell library contained the following spells:

 Spells                   Type           Power      Damage    Failure   Level
 Sublimation of Blood     Necr           18%        N/A       38%         2
 Dispel Undead            Necr           18%        3d11      95%         4
 Tukima's Dance           Hex            6%         N/A       99%         3
 Dimensional Bullseye     Hex/Tloc       3%         N/A       100%        4
 Iskenderun's Mystic Bla  Conj/Tloc      6%         2d4       100%        4


Dungeon Overview and Level Annotations

Branches:
Dungeon (4/15)
 Temple: D:4-7

Altars:
Xom

Annotations:
D:4 Menkaure


Innate Abilities, Weirdness & Mutations

You have very sharp teeth.
Your uncanny sense of smell can sniff out nearby items.
Your experience applies equally to all skills.


Message History

You hit the bullfrog but do no damage.
The bullfrog is moderately wounded.
You block the bullfrog's attack. The bullfrog closely misses you.
You hit the bullfrog.
The bullfrog is heavily wounded.
You block the bullfrog's attack.
You barely miss the bullfrog.
The bullfrog is heavily wounded.
The bullfrog completely misses you. The bullfrog barely misses you.
You hit the bullfrog.
You feel better.
Your bite misses the bullfrog.
The bullfrog is heavily wounded.
The bullfrog hits you but does no damage.
The bullfrog closely misses you.
You closely miss the bullfrog.
The bullfrog is heavily wounded.
The bullfrog hits you.
You hit the bullfrog.
The bullfrog is severely wounded.
The bullfrog hits you. The bullfrog barely misses you.
You hit the bullfrog.
The bullfrog is severely wounded.
The bullfrog hits you.
You closely miss the bullfrog.
The bullfrog is severely wounded.
The bullfrog hits you.
You hit the bullfrog.
You feel better.
The bullfrog is severely wounded.
You block the bullfrog's attack. The bullfrog closely misses you.
You hit the bullfrog.
The bullfrog is almost dead.
The bullfrog hits you but does no damage.
You closely miss the bullfrog.
The bullfrog is almost dead.
The bullfrog hits you. You block the bullfrog's attack.
You closely miss the bullfrog.
The bullfrog is almost dead.
The bullfrog hits you.
You closely miss the bullfrog.
The bullfrog is almost dead.
The bullfrog closely misses you. x2
You closely miss the bullfrog.
The bullfrog is almost dead.
You block the bullfrog's attack.
You hit the bullfrog.
You feel better.
You bite the bullfrog, but do no damage.
The bullfrog is almost dead.
The bullfrog closely misses you.
You closely miss the bullfrog.
The bullfrog is almost dead.
The bullfrog closely misses you. The bullfrog barely misses you.
You hit the bullfrog.
You kill the bullfrog!
Your Invocations skill increases to level 2!
You have reached level 6!
Unknown command.
Found 15 gold pieces.
You now have 170 gold pieces (gained 19).
Magic restored.
HP restored.
Found a stone staircase leading up.
You now have 185 gold pieces (gained 15).
Found a kite shield.
Found a stone staircase leading up.
v - 2 bubbling puce potions
There is a stone staircase leading up here.
You see here a +0 kite shield.
You start removing your armour.
You continue taking off your +0 buckler. x4
You finish taking off your +0 buckler.
You start putting on your armour.
You continue putting on your +0 kite shield. x5
You finish putting on your +0 kite shield.
You drop a +0 buckler.
You now have 193 gold pieces (gained 8).
Menkaure, Prince of Dust comes into view.
Menkaure shouts!
You feel the dreadful sensation subside.
u - a +0 war axe (weapon)
You start waiting.
Menkaure is nearby!
You hit Menkaure.
Menkaure is lightly damaged.
You block Menkaure's attack. x2
You hit Menkaure.
Menkaure is moderately damaged.
Menkaure barely misses you.
You hit Menkaure.
Menkaure is heavily damaged.
Menkaure calls on the powers of darkness!
Your body is wracked with pain!
You barely miss Menkaure.
Menkaure is heavily damaged.
Menkaure casts a spell at you. You resist with some effort.
You hit Menkaure.
Menkaure is heavily damaged.
Menkaure hits you!
* * * LOW HITPOINT WARNING * * *
Menkaure hits you!
You die...

#.##.......# #.##.......#
#.##.......####
####.##..........#
##....##.......##.# ..
..#####.#####.# #.
#.##.......##.###
#.##.##.##.........#
#..@.....#.#..##.#.#
####M##..#..........
####.#####.##..[..<....#.#
...M.......##.##.#..##.#.#
.....########...........##
#.. ###...####### # #...#
#...# #...#


You could see Menkaure.

Vanquished Creatures
  A bullfrog (D:4)
  A hound (D:3)
  2 orc wizards (D:3)
  3 adders (D:3)
  2 worms (D:2)
  A dart slug (D:1)
  5 orcs
  7 ball pythons
  9 bats
  4 endoplasms
  4 giant cockroaches
  9 goblins
  7 hobgoblins
  5 jackals (D:1)
  10 kobolds
  A quokka (D:1)
  7 frilled lizards
78 creatures vanquished.

Notes
Turn   | Place    | Note
-------+----------+-------------------------------------------
     0 | D:1      | GloriousHammer the Gnoll Wanderer began the quest for the
                  | Orb.
     0 | D:1      | GloriousHammer set off with the following items: a +0 club,
                  | a +0 buckler, a potion of berserk rage, a +0 robe, a potion
                  | of attraction; and the following spell memorised: Kiss of
                  | Death; and the following spells available to memorise:
                  | Sublimation of Blood, Dispel Undead.
     0 | D:1      | Reached XP level 1. HP: 23/23 MP: 4/4
   335 | D:1      | Reached XP level 2. HP: 28/29 MP: 5/5
   597 | D:1      | Reached XP level 3. HP: 32/35 MP: 7/7
   774 | D:1      | Reached skill level 1 in Invocations
  1267 | D:2      | Found a shimmering altar of Xom.
  1582 | D:2      | Reached skill level 1 in Short Blades
  1582 | D:2      | Reached skill level 1 in Long Blades
  1582 | D:2      | Reached skill level 1 in Axes
  1582 | D:2      | Reached skill level 1 in Maces & Flails
  1582 | D:2      | Reached skill level 1 in Polearms
  1582 | D:2      | Reached skill level 1 in Staves
  1582 | D:2      | Reached skill level 1 in Ranged Weapons
  1582 | D:2      | Reached skill level 1 in Throwing
  1582 | D:2      | Reached skill level 1 in Armour
  1582 | D:2      | Reached skill level 1 in Dodging
  1582 | D:2      | Reached skill level 1 in Stealth
  1582 | D:2      | Reached skill level 1 in Unarmed Combat
  1582 | D:2      | Reached skill level 1 in Evocations
  1690 | D:2      | Reached skill level 1 in Shapeshifting
  1690 | D:2      | Reached XP level 4. HP: 39/41 MP: 8/8
  2338 | D:3      | Reached skill level 1 in Conjurations
  2338 | D:3      | Reached skill level 1 in Hexes
  2338 | D:3      | Reached skill level 1 in Summonings
  2338 | D:3      | Reached skill level 1 in Translocations
  2338 | D:3      | Reached skill level 1 in Transmutations
  2338 | D:3      | Reached skill level 1 in Fire Magic
  2338 | D:3      | Reached skill level 1 in Ice Magic
  2338 | D:3      | Reached skill level 1 in Air Magic
  2338 | D:3      | Reached skill level 1 in Earth Magic
  2338 | D:3      | Reached skill level 1 in Poison Magic
  2473 | D:3      | Reached XP level 5. HP: 47/47 MP: 9/9
  3340 | D:4      | Identified the "Peoloz"
  3362 | D:4      | Reached XP level 6. HP: 39/53 MP: 9/11
  3464 | D:4      | Noticed Menkaure
  3483 | D:4      | Slain by Menkaure

Illustrated notes

Levels and vault maps discovered:
D:1:      psy_arrival_heroes, layout_basic, chequers_garden, chequers_jeans
D:2:      layout_basic, basic_altar, minmay_misc_feat_doors, minivault_27
D:3:      layout_loops_ring, serial_bayou_lagoon_b
D:4:      minmay_chambers_of_twos, layout_loops_cross, dancing_weapons_uskayaw,
          minmay_temple_entry_gardened_gates, uniq_menkaure

Skill      XL: |  1  2  3  4  5 |
---------------+----------------+-----
Invocations    | 1 2 |  2.1
Short Blades   | 1 |  1.9
Long Blades    | 1 |  1.9
Axes           | 1 |  1.9
Maces & Flails | 1 |  1.9
Polearms       | 1 |  1.9
Staves         | 1 |  1.9
Ranged Weapons | 1 |  1.9
Throwing       | 1 |  1.9
Armour         | 1 |  1.9
Dodging        | 1 |  1.9
Stealth        | 1 |  1.9
Unarmed Combat | 1 |  1.9
Evocations     | 1 |  1.9
Shapeshifting  | 1 |  1.7
Spellcasting   | 3 |  3.4
Conjurations   | 1 |  1.5
Hexes          | 1 |  1.5
Summonings     | 1 |  1.5
Translocations | 1 |  1.5
Transmutations | 1 |  1.5
Fire Magic     | 1 |  1.5
Ice Magic      | 1 |  1.5
Air Magic      | 1 |  1.5
Earth Magic    | 1 |  1.5
Poison Magic   | 1 |  1.5
Fighting       | |  6.8
Shields        | |  6.8
Necromancy     | |  5.6

Action                     |  1- 3 |  4- 6 || total
---------------------------+-------+-------++-------
  Melee: Club              |    35 |       ||    35
         Spear             |   114 |       ||   114
         Bite              |    18 |    16 ||    34
         Short sword       |    72 |   213 ||   285
         War axe           |       |     5 ||     5
    Use: Potion            |       |     1 ||     1
   Stab: Sleeping          |     1 |       ||     1
 Armour: Robe              |    45 |       ||    45
         Scale mail        |    94 |   150 ||   244
  Dodge: Dodged            |    88 |    74 ||   162
  Block: Buckler           |    49 |    58 ||   107
         Kite shield       |       |     2 ||     2

Table legend: (Time is in decaauts)
 A = Elapsed time spent in this place.
 B = Non-inter-level travel time spent in this place.
 C = Inter-level travel time spent in this place.
 D = Time resting spent in this place.
 E = Time spent auto-exploring this place.
 F = Levels seen in this place.
 G = Mean time per level.
                   A        B        C        D        E       F      G
               +--------+--------+--------+--------+--------+-----+--------+
         Total |   3539 |   3285 |    254 |    158 |   2163 |   4 |  884.8 |
       Dungeon |   3539 |   3285 |    254 |    158 |   2163 |   4 |  884.8 |
               +--------+--------+--------+--------+--------+-----+--------+

Top non-repeatable levels by time:
     D:1: 1197 daAuts
     D:2: 1111 daAuts
     D:3: 1085 daAuts
     D:4: 144 daAuts
